 Dungeon Crawl Stone Soup version 0.29.1-13-g9f3cf754e1 (webtiles) character file.

Game seed: 2378513676620749651

1548 mopl the Conjurer (level 8, 0/36 (37) HPs)
             Began as a Vine Stalker Conjurer on Jan 19, 2023.
             Was a Follower of Vehumet.
             Slain by a wight
             ... wielding a +3 scimitar of freezing
              (8 damage)
             ... on level 6 of the Dungeon on Jan 20, 2023.
             The game lasted 00:09:56 (4992 turns).

mopl the Conjurer (Vine Stalker Conjurer)           Turns: 4992, Time: 00:09:56

HP:   0/36 (37)     AC:  2    Str: 11    XL:     8   Next: 87%
MP:   0/18          EV: 12    Int: 20    God:    Vehumet [*.....]
Gold: 328           SH:  0    Dex: 12    Spells: 8/19 levels left

rFire   . . .      SeeInvis +   h - +2 dagger (venom)
rCold   . . .      Faith    .   (no shield)
rNeg    . . .      Spirit   +   a - +0 robe
rPois   +          Reflect  .   (no helmet)
rElec   .          Harm     .   (no cloak)
rCorr   .          Rampage  .   (no gloves)
Will    +....                   (no boots)
Stlth   ++........              z - amulet of magic regeneration
HPRegen 0.92/turn               n - ring of poison resistance
MPRegen 0.56/turn               u - ring of see invisible

@: lightly drained
A: fangs 3, regeneration 1, magic shield, antimagic bite, no potion heal 2
a: Renounce Religion


You were on level 6 of the Dungeon.
You worshipped Vehumet.
Vehumet was aware of your devotion.
You visited 1 branch of the dungeon, and saw 6 of its levels.

You collected 328 gold pieces.

Inventory:

Hand Weapons
 h - a +2 dagger of venom (weapon)
 q - a +0 short sword of venom
Missiles
 l - 3 curare-tipped darts
 t - 13 poisoned darts
 v - 2 boomerangs
 A - 2 throwing nets
Armour
 a - a +0 robe (worn)
 y - an orb of mayhem
Jewellery
 n - a ring of poison resistance (left hand)
 u - a ring of see invisible (right hand)
 z - an amulet of magic regeneration (around neck)
Wands
 C - a wand of flame (15)
Scrolls
 c - 3 scrolls of noise {unknown}
 e - 3 scrolls of teleportation
 g - 2 scrolls of poison {unknown}
 j - a scroll of amnesia {unknown}
 k - 2 scrolls of vulnerability {unknown}
 m - a scroll of summoning {unknown}
 p - 3 scrolls of enchant armour {unknown}
 r - 2 scrolls of magic mapping {unknown}
 s - a scroll of silence {unknown}
 w - a scroll of brand weapon {unknown}
Potions
 b - 2 potions of magic
 d - 5 potions of curing {unknown}
 f - 2 potions of haste
 i - a potion of cancellation {unknown}
 o - a potion of mutation {!q}
 x - a potion of attraction {unknown}
 B - a potion of ambrosia {unknown}
 D - a potion of lignification {unknown}


   Skills:
 + Level 1.1 Fighting
 - Level 1.5 Dodging
 - Level 2.4 Stealth
 + Level 6.3 Spellcasting
 + Level 7.2 Conjurations
 + Level 4.3 Hexes
 + Level 4.3 Translocations


You had 8 spell levels left.
You knew the following spells:

 Your Spells              Type           Power      Damage    Failure   Level
a - Magic Dart            Conj           100%       1d8       1%          1
b - Searing Ray           Conj           70%        2d7       1%          2
c - Iskenderun's Mystic   Conj/Tloc      29%        2d7       10%         4
d - Fulminant Prism       Conj/Hex       14%        3d9       10%         4

Your spell library contained the following spells:

 Spells                   Type           Power      Damage    Failure   Level
 Shock                    Conj/Air       80%        1d8       2%          1
 Dazzling Flash           Conj/Hex       58%        N/A       2%          3
 Stone Arrow              Conj/Erth      40%        3d9       7%          3
 Sandblast                Erth           12%        2d6       10%         1
 Summon Guardian Golem    Hex/Summ       14%        N/A       13%         3
 Passwall                 Tmut/Erth      5%         N/A       16%         2
 Ozocubu's Armour         Ice            6%         N/A       30%         3
 Metabolic Englaciation   Hex/Ice        7%         N/A       75%         5
 Orb of Destruction       Conj           17%        9d7       99%         7
 Simulacrum               Ice/Necr       3%         N/A       100%        6
 Spellforged Servitor     Conj/Summ      10%        N/A       100%        7


Dungeon Overview and Level Annotations

Branches:
Dungeon (6/15)             Temple (0/1) D:4

Altars:
Ashenzari
Cheibriados
Dithmenos
Gozag
Hepliaklqana
Uskayaw
Vehumet

Annotations:
D:2 1 runed translucent door, Crazy Yiuf
D:4 3 runed translucent doors, IHuginn's ghost, amateur GrFi


Innate Abilities, Weirdness & Mutations

You have razor-sharp teeth.
Your natural rate of healing is unusually fast.
When hurt, damage is shared between your health and your magic reserves.
Your bite disrupts and absorbs the magic of your enemies.
Potions cannot restore your health.


Message History

Things that are here:
a +0 whip; a +0 scale mail You now have 328 gold pieces (gained 18).
Why would you want to do that?
Found an escape hatch in the ceiling.
You see here 16 gold pieces.
Casting: Searing Ray (safe; 1% risk of failure)
Confirm with . or Enter, or press ? or * to list all spells.
Aiming: Searing Ray (safe; 1% risk of failure)
Press: ? - help, Shift-Dir - straight line, f - wight
Aim: a wight, wielding a +3 scimitar of freezing and wearing a +0 robe (81% to hit)
The searing ray hits the wight.
The wight is lightly damaged. (Press . to maintain the ray.)
The searing ray hits the wight!
The wight is severely damaged.
The wight hits you with a +3 scimitar of freezing!
You feel drained. The wight freezes you!
The searing ray hits the wight but does no damage.
The wight is severely damaged.
The wight hits you with a +3 scimitar of freezing!
* * * LOW HITPOINT WARNING * * *
The wight freezes you.
* * * LOW HITPOINT WARNING * * *
Unknown command.
Casting: Searing Ray (safe; 1% risk of failure)
Confirm with . or Enter, or press ? or * to list all spells.
You don't have enough magic to cast this spell.
A wight is nearby!
The searing ray hits the wight.
The wight is almost destroyed.
You finish channelling your searing ray.
The wight barely misses you.
Okay, then.
Okay, then.
Okay, then.
You hit the wight but do no damage.
The wight is almost destroyed.
The wight hits you with a +3 scimitar of freezing!
You die...

#. #≈≈..........#.. .
#≈≈..........#.#
#####≈≈)...........#
#≈≈≈≈≈.).........#..
#≈≈≈≈≈.).........##.
#≈≈≈≈............!..
#≈≈≈...#########....
.z..≈#.#≈.....'....#
#....
.........z@...#....#
#....
#....#...#.....#....#
#....
###+##....#...#.....#
..## #.... ........#
#. ##.....#### #####
........# #.....# #
........# #.....# #
........# #.....#
........# #...<.#
.......z######+


You could see a wight.

Vanquished Creatures
  Sigmund (D:2)
  3 ice beasts
  3 ogres
  A scorpion (D:5)
  3 wights
  A howler monkey (D:5)
  A jelly (D:5)
  5 hounds
  An orc priest (D:6)
  3 iguanas (D:5)
  4 orc wizards (D:6)
  A mummy (D:6)
  Robin (D:2)
  10 adders
  2 worms
  8 dart slugs
  3 orcs (D:6)
  5 ball pythons
  7 bats
  6 endoplasms
  3 giant cockroaches (D:1)
  14 goblins
  8 hobgoblins
  3 jackals (D:3)
  4 quokkas
  3 frilled lizards
  11 kobolds
  3 rats
118 creatures vanquished.

Vanquished Creatures (others)
  A fulminant prism (D:6)
  5 plants (D:1)
6 creatures vanquished.

Grand Total: 124 creatures vanquished

Notes
Turn   | Place    | Note
-------+----------+-------------------------------------------
     0 | D:1      | mopl the Vine Stalker Conjurer began the quest for the Orb.
     0 | D:1      | Reached XP level 1. HP: 9/9 MP: 4/4
   306 | D:1      | Reached XP level 2. HP: 13/13 MP: 0/6
   309 | D:1      | Learned a level 2 spell: Searing Ray
   687 | D:1      | Found a faded altar of an unknown god.
   692 | D:1      | Reached XP level 3. HP: 14/16 MP: 8/8
   732 | D:1      | Reached skill level 3 in Spellcasting
  1332 | D:2      | Noticed Robin
  1386 | D:2      | Gained mutation: Your natural rate of healing is unusually
                  | fast. [Vine Stalker growth]
  1386 | D:2      | Reached XP level 4. HP: 21/21 MP: 2/10
  1467 | D:2      | Killed Robin
  1569 | D:2      | Reached skill level 5 in Conjurations
  1582 | D:2      | Noticed Sigmund
  1678 | D:2      | Learned a level 4 spell: Iskenderun's Mystic Blast
  1803 | D:2      | Killed Sigmund
  1804 | D:2      | Reached skill level 4 in Spellcasting
  1804 | D:2      | Reached skill level 2 in Translocations
  1804 | D:2      | Reached XP level 5. HP: 24/24 MP: 9/12
  1804 | D:2      | Reached XP level 6. HP: 28/28 MP: 9/13
  2003 | D:2      | Found a runed translucent door.
  2004 | D:2      | Noticed Crazy Yiuf
  2046 | D:3      | Learned a level 4 spell: Fulminant Prism
  2200 | D:3      | Found a radiant altar of Vehumet.
  2911 | D:3      | Became a worshipper of Vehumet
  3115 | D:4      | Found a staircase to the Ecumenical Temple.
  3173 | D:4      | Reached skill level 1 in Hexes
  3212 | D:4      | Found a runed translucent gate.
  3213 | D:4      | Found a runed translucent gate.
  3214 | D:4      | Found an opulent altar of Gozag.
  3215 | D:4      | Found a runed translucent gate.
  3228 | D:4      | Noticed IHuginn's ghost (amateur GrFi)
  3713 | D:5      | Entered Level 5 of the Dungeon
  3719 | D:5      | Noticed an ice beast
  3727 | D:5      | Reached XP level 7. HP: 23/32 MP: 8/15
  3728 | D:5      | Reached skill level 6 in Conjurations
  3728 | D:5      | Reached skill level 3 in Translocations
  3754 | D:5      | Reached skill level 5 in Spellcasting
  3836 | D:5      | Found a shadowy altar of Dithmenos.
  3954 | D:5      | Reached skill level 2 in Hexes
  4303 | D:5      | Gained mutation: You have razor-sharp teeth. [Vine Stalker
                  | growth]
  4303 | D:5      | Reached XP level 8. HP: 33/36 MP: 14/17
  4404 | D:5      | Reached skill level 3 in Hexes
  4409 | D:5      | Found a hide-covered altar of Uskayaw.
  4415 | D:5      | Found a hazy altar of Hepliaklqana.
  4418 | D:5      | Found a broken altar of Ashenzari.
  4627 | D:6      | Reached skill level 4 in Translocations
  4739 | D:6      | Reached skill level 6 in Spellcasting
  4780 | D:6      | Reached skill level 7 in Conjurations
  4780 | D:6      | Reached skill level 4 in Hexes
  4791 | D:6      | Found a snail-covered altar of Cheibriados.
  4911 | D:6      | Reached * piety under Vehumet
  4911 | D:6      | Offered knowledge of Shock by Vehumet.
  4975 | D:6      | Reached skill level 1 in Fighting
  4992 | D:6      | Slain by a wight

Illustrated notes

Levels and vault maps discovered:
D:1:      heliophobic_arrival_dark_side_of_the_moon, layout_loops_ring,
          dreamdust_ecumenical_altar_angels_and_demons, minmay_statues_item,
          serial_bayou_pond_a, minivault_25
D:2:      layout_basic, minmay_tromino_i2, uniq_sigmund, uniq_robin,
          uniq_crazy_yiuf_cottage
D:3:      layout_loops_corners, general_overflow_altar
D:4:      layout_basic, minmay_temple_entry_purple_smoke, ebering_ghost_gozag
D:5:      layout_basic, minmay_overflow_temple_star_quad,
          nicolae_dithmenos_through_a_glass_darkly
D:6:      layout_gridville, slow_altar_1,
          nicolae_concentric_dashed_squares_mild, minmay_misc_feat_roman,
          grunt_decor_junction

Skill      XL: |  1  2  3  4  5  6  7  8 |
---------------+-------------------------+-----
Spellcasting   | 3 4 5 6 |  6.3
Conjurations   | 5 6 7 |  7.2
Translocations | 2 3 4 |  4.3
Hexes          | 1 2 4 |  4.3
Fighting       | 1 |  1.1
Dodging        | |  1.5
Stealth        | |  2.4

Action                   |  1- 3 |  4- 6 |  7- 9 || total
-------------------------+-------+-------+-------++-------
Melee: Unarmed           |     7 |       |       ||     7
       Bite              |     6 |    15 |     3 ||    24
       Dagger            |    43 |    66 |    21 ||   130
Throw: Dart              |       |     4 |       ||     4
 Cast: Magic Dart        |    35 |    54 |    71 ||   160
       Searing Ray       |     1 |     1 |    17 ||    19
       Iskenderun's Myst |       |       |     4 ||     4
       Fulminant Prism   |       |       |     1 ||     1
  Use: Scroll            |       |     6 |       ||     6
       Potion            |       |     1 |       ||     1
 Stab: Sleeping          |     3 |     4 |       ||     7
       Distracted        |     1 |       |       ||     1
Armor: Robe              |     8 |    10 |     9 ||    27
Dodge: Dodged            |    36 |    33 |    23 ||    92
